TOP OF THE 1ST |
Madawaska Valley HS Wolves batting - Pitching for Maize HS : LHP Steve Sherman
|
Pitching: LHP Steve Sherman
|
|
Batting: LHB Bob Campbell
|
0-0: Ball 1-0: SINGLE (Line Drive, 4MD)
|
Batting: RHB Adam Carpenter
|
0-0: Called Strike 0-1: Ball Wild Pitch! Bob Campbell to second 1-1: Foul Ball, location: 2F 1-2: Fly out, F9 (Flyball, 9)
|
Batting: SHB Gordon Beatty
|
0-0: Ball 1-0: SINGLE (Line Drive, 9S) Bob Campbell to third Runner from 3rd tries for Home, SAFE, no throw
|
Batting: SHB Jason Dundee
|
0-0: Ball 1-0: Called Strike 1-1: Ball 2-1: Ball 3-1: Base on Balls Gordon Beatty to second
|
Batting: RHB Bob Colbert
|
0-0: Ball 1-0: Ball 2-0: Foul Ball, location: 2F 2-1: Ball 3-1: Foul Ball, location: 2F 3-2: Base on Balls Gordon Beatty to third Jason Dundee to second
|
Batting: SHB Artie Adams
|
0-0: Ball 1-0: Called Strike 1-1: Ball 2-1: Ball 3-1: Base on Balls Gordon Beatty scores Jason Dundee to third Bob Colbert to second
|
Batting: RHB Brandon Little
|
0-0: Called Strike 0-1: Ball 1-1: Ball 2-1: Swinging Strike 2-2: Strikes out swinging
|
Batting: RHB Enrique Navarro
|
0-0: Called Strike 0-1: Ball 1-1: Ball 2-1: Ball 3-1: Called Strike 3-2: Foul Ball, location: 2F 3-2: Fly out, F9 (Flyball, 9)
|
Top of the 1st over - 2 run(s), 2 hit(s), 0 error(s), 3 left on base; Madawaska Valley HS 2 - Maize HS 0 |
BOTTOM OF THE 1ST |
Maize HS batting - Pitching for Madawaska Valley HS Wolves : LHP José Vázquez
|
Pitching: LHP José Vázquez
|
|
Batting: RHB Fletcher Richardson
|
0-0: Ball 1-0: Bunt for hit - play at first, batter safe!
|
Batting: RHB Chris Wilson
|
0-0: Fly out, F9 (Flyball, 89S)
|
Batting: LHB Seth Sullivan
|
0-0: Called Strike 0-1: Ball 1-1: Foul Ball, location: 2F 1-2: Ball 2-2: Ground out 4-3 (Groundball, 34) Fletcher Richardson to second
|
Batting: LHB Ed Nelson
|
0-0: Foul Ball, location: 2F 0-1: Ball 1-1: Ball 2-1: Ball 3-1: Called Strike 3-2: SINGLE (Flyball, 78S) Fletcher Richardson to third Fletcher Richardson scores
|
Batting: SHB Álex Vega
|
0-0: Called Strike 0-1: Ball 1-1: Ball 2-1: Called Strike 2-2: Ball 3-2: Base on Balls Ed Nelson to second
|
Batting: SHB Tony Morrison
|
0-0: Ball 1-0: Swinging Strike 1-1: Ball 2-1: SINGLE (Groundball, 6MD) Ed Nelson to third Álex Vega to second Runner from 3rd tries for Home, SAFE, no throw
|
Batting: RHB Frank Reed
|
0-0: Called Strike 0-1: Fielders Choice at 2nd, 6-4 (Groundball, 56)
|
Bottom of the 1st over - 2 run(s), 3 hit(s), 0 error(s), 1 left on base; Madawaska Valley HS 2 - Maize HS 2 |
TOP OF THE 2ND |
Madawaska Valley HS Wolves batting - Pitching for Maize HS : LHP Steve Sherman
|
Batting: RHB Leo Snyder
|
0-0: Ball 1-0: Fly out, F6 (Line Drive, 6)
|
Batting: LHB Bob Campbell
|
0-0: SINGLE (Line Drive, 6D)
|
Batting: RHB Adam Carpenter
|
0-0: Called Strike 0-1: Called Strike 0-2: Strikes out looking
|
Batting: SHB Gordon Beatty
|
0-0: Ball 1-0: Ball 2-0: SINGLE (Popup, 5D) Bob Campbell to second
|
Batting: SHB Jason Dundee
|
0-0: Swinging Strike 0-1: Reached on error, E7 (Flyball, 7) Bob Campbell scores Gordon Beatty to third
|
Batting: RHB Bob Colbert
|
0-0: Called Strike 0-1: Ball 1-1: Called Strike 1-2: Ball 2-2: Strikes out swinging
|
Top of the 2nd over - 1 run(s), 2 hit(s), 1 error(s), 2 left on base; Madawaska Valley HS 3 - Maize HS 2 |
BOTTOM OF THE 2ND |
Maize HS batting - Pitching for Madawaska Valley HS Wolves : LHP José Vázquez
|
Batting: RHB Nelson Martínez
|
0-0: Ground out 1-3 (Groundball, 15)
|
Batting: LHB Chad Aguilar
|
0-0: Called Strike 0-1: Ball 1-1: Swinging Strike 1-2: Foul Ball, location: 2F 1-2: Ball 2-2: Ball 3-2: Strikes out swinging
|
Batting: RHB Fletcher Richardson
|
0-0: Fly out, F5 (Line Drive, 5)
|
Bottom of the 2nd over - 0 run(s), 0 hit(s), 0 error(s), 0 left on base; Madawaska Valley HS 3 - Maize HS 2 |
TOP OF THE 3RD |
Madawaska Valley HS Wolves batting - Pitching for Maize HS : LHP Steve Sherman
|
Batting: SHB Artie Adams
|
0-0: Foul Ball, location: 2F 0-1: Ball 1-1: Ball 2-1: Ball 3-1: Foul Ball, location: 2F 3-2: Foul Ball, location: 2F 3-2: Foul Ball, location: 2F 3-2: Fly out, F9 (Flyball, 9LS)
|
Batting: RHB Brandon Little
|
0-0: Foul Ball, location: 2F 0-1: Swinging Strike 0-2: Foul Ball, location: 2F 0-2: Foul Ball, location: 2F 0-2: Foul Ball, location: 2F 0-2: Ball 1-2: Foul Ball, location: 2F 1-2: Ball 2-2: Foul Ball, location: 2F 2-2: SINGLE (Flyball, 78S) - OUT at second base trying to stretch hit.
|
Batting: RHB Enrique Navarro
|
0-0: Ball 1-0: Ball 2-0: Ball 3-0: Base on Balls
|
Batting: RHB Leo Snyder
|
0-0: Ball 1-0: Foul Ball, location: 2F 1-1: Foul Ball, location: 2F 1-2: Fly out, F9 (Line Drive, 9D)
|
Top of the 3rd over - 0 run(s), 1 hit(s), 0 error(s), 1 left on base; Madawaska Valley HS 3 - Maize HS 2 |
BOTTOM OF THE 3RD |
Maize HS batting - Pitching for Madawaska Valley HS Wolves : LHP José Vázquez
|
Batting: RHB Chris Wilson
|
0-0: Called Strike 0-1: Ground out 4-3 (Groundball, 4)
|
Batting: LHB Seth Sullivan
|
0-0: Ball 1-0: Called Strike 1-1: Foul Ball, location: 2F 1-2: SINGLE (Line Drive, 9S)
|
Batting: LHB Ed Nelson
|
0-0: Called Strike 0-1: Ball 1-1: Ball 2-1: Ball 3-1: Swinging Strike 3-2: Strikes out swinging Seth Sullivan is caught stealing 2nd base Batter strikes out.
|
Bottom of the 3rd over - 0 run(s), 1 hit(s), 0 error(s), 0 left on base; Madawaska Valley HS 3 - Maize HS 2 |
TOP OF THE 4TH |
Madawaska Valley HS Wolves batting - Pitching for Maize HS : LHP Steve Sherman
|
Batting: LHB Bob Campbell
|
0-0: Ball 1-0: Called Strike 1-1: Foul Ball, location: 2F 1-2: Ground out 6-3 (Groundball, 56)
|
Pitching: RHP Ray Miller
|
|
Batting: RHB Adam Carpenter
|
0-0: Ball 1-0: Foul Ball, location: 2F 1-1: Foul Ball, location: 2F 1-2: SINGLE (Groundball, 56D)
|
Batting: SHB Gordon Beatty
|
0-0: Ball 1-0: Called Strike 1-1: Ball 2-1: Ball Adam Carpenter steals 2nd base 3-1: Fly out, F4 (Line Drive, 4M)
|
Batting: SHB Jason Dundee
|
0-0: Foul Ball, location: 2F 0-1: Called Strike 0-2: Foul Ball, location: 2F 0-2: Ball 1-2: Ball 2-2: Foul Ball, location: 2F 2-2: Ball 3-2: Single, Error in OF, E7, batter to second base Adam Carpenter scores
|
Batting: RHB Bob Colbert
|
0-0: Ball 1-0: Ground out 5-3 (Groundball, 5)
|
Top of the 4th over - 1 run(s), 2 hit(s), 1 error(s), 1 left on base; Madawaska Valley HS 4 - Maize HS 2 |
BOTTOM OF THE 4TH |
Maize HS batting - Pitching for Madawaska Valley HS Wolves : LHP José Vázquez
|
Batting: SHB Álex Vega
|
0-0: Ball 1-0: Ball 2-0: Ball 3-0: Base on Balls
|
Batting: SHB Tony Morrison
|
0-0: Called Strike 0-1: Ball 1-1: Foul Ball, location: 2F 1-2: Ball 2-2: Foul Ball, location: 2F 2-2: Ball 3-2: Foul Ball, location: 2F 3-2: Foul Ball, location: 2F 3-2: Reached on error, E4 (Groundball, 4) Álex Vega to second
|
Batting: RHB Frank Reed
|
0-0: Ball 1-0: Fly out, F8 (Line Drive, 8RM)
|
Batting: RHB Nelson Martínez
|
0-0: Ball 1-0: Ball 2-0: Ball 3-0: Base on Balls Álex Vega to third Tony Morrison to second
|
Batting: LHB Chad Aguilar
|
0-0: Called Strike 0-1: Foul Ball, location: 2F 0-2: Fielders Choice at 2nd, 3-6 (Groundball, 3) Álex Vega scores Tony Morrison to third
|
Batting: RHB Fletcher Richardson
|
0-0: Foul Ball, location: 2F 0-1: Swinging Strike 0-2: Ball 1-2: Strikes out swinging
|
Bottom of the 4th over - 1 run(s), 0 hit(s), 1 error(s), 2 left on base; Madawaska Valley HS 4 - Maize HS 3 |
TOP OF THE 5TH |
Madawaska Valley HS Wolves batting - Pitching for Maize HS : RHP Ray Miller
|
Batting: SHB Artie Adams
|
0-0: Ball 1-0: Ground out 3-1 (Groundball, 34S)
|
Batting: RHB Brandon Little
|
0-0: Ball 1-0: Fly out, F9 (Flyball, 89M)
|
Batting: RHB Enrique Navarro
|
0-0: Ball 1-0: SOLO HOME RUN (Flyball, 78XD), Distance : 421 ft
|
Batting: RHB Leo Snyder
|
0-0: Swinging Strike 0-1: Swinging Strike 0-2: Ball 1-2: Foul Ball, location: 2F 1-2: SINGLE (Line Drive, 78M)
|
Batting: LHB Bob Campbell
|
0-0: Ball 1-0: Called Strike 1-1: Called Strike Leo Snyder steals 2nd base 1-2: Ball 2-2: Foul Ball, location: 2F 2-2: Ball 3-2: Foul Ball, location: 2F 3-2: Foul Ball, location: 2F 3-2: Base on Balls
|
Batting: RHB Adam Carpenter
|
0-0: Swinging Strike 0-1: Foul Ball, location: 2F 0-2: Strikes out swinging
|
Top of the 5th over - 1 run(s), 2 hit(s), 0 error(s), 2 left on base; Madawaska Valley HS 5 - Maize HS 3 |
BOTTOM OF THE 5TH |
Maize HS batting - Pitching for Madawaska Valley HS Wolves : LHP José Vázquez
|
Batting: RHB Chris Wilson
|
0-0: Ball 1-0: Called Strike 1-1: Ball 2-1: Reached on error, E4 (Groundball, 4)
|
Batting: LHB Seth Sullivan
|
0-0: Called Strike 0-1: Ball 1-1: Foul Ball, location: 2F 1-2: Ball 2-2: Strikes out swinging
|
Pitching: RHP Charlie Willis
|
|
Batting: LHB Ed Nelson
|
0-0: Ball 1-0: Ball 2-0: Ball 3-0: Called Strike 3-1: Called Strike 3-2: Base on Balls Chris Wilson to second
|
Batting: SHB Álex Vega
|
0-0: Ball 1-0: Called Strike 1-1: Swinging Strike 1-2: Strikes out swinging
|
Batting: SHB Tony Morrison
|
0-0: Called Strike 0-1: Called Strike 0-2: Ball 1-2: Fielders Choice at 2nd, 4-6 (Groundball, 4)
|
Bottom of the 5th over - 0 run(s), 0 hit(s), 1 error(s), 1 left on base; Madawaska Valley HS 5 - Maize HS 3 |
TOP OF THE 6TH |
Madawaska Valley HS Wolves batting - Pitching for Maize HS : RHP Ray Miller
|
Batting: SHB Gordon Beatty
|
0-0: Fly out, F5 (Popup, 56S)
|
Batting: SHB Jason Dundee
|
0-0: Ball 1-0: Swinging Strike 1-1: Foul Ball, location: 2F 1-2: Ball 2-2: Strikes out swinging
|
Batting: RHB Bob Colbert
|
0-0: Ball 1-0: Ball 2-0: Called Strike 2-1: Ball 3-1: Ground out 5-3 (Groundball, 56S)
|
Top of the 6th over - 0 run(s), 0 hit(s), 0 error(s), 0 left on base; Madawaska Valley HS 5 - Maize HS 3 |
BOTTOM OF THE 6TH |
Maize HS batting - Pitching for Madawaska Valley HS Wolves : RHP Charlie Willis
|
Batting: RHB Frank Reed
|
0-0: Ball 1-0: Ball 2-0: Ball 3-0: Called Strike 3-1: Base on Balls
|
Batting: RHB Nelson Martínez
|
0-0: Ball 1-0: Called Strike 1-1: Ball 2-1: Fly out, F2 (Popup, 2L)
|
Batting: LHB Chad Aguilar
|
0-0: Ball 1-0: Swinging Strike 1-1: Foul Ball, location: 2F 1-2: Strikes out swinging
|
Batting: RHB Fletcher Richardson
|
0-0: Called Strike 0-1: Swinging Strike 0-2: Ball 1-2: Ball 2-2: Ball 3-2: Strikes out swinging wild pitch, reaches first! Frank Reed to second
|
Batting: RHB Chris Wilson
|
0-0: Called Strike 0-1: Foul Ball, location: 2F 0-2: Foul Ball, location: 2F 0-2: Ball 1-2: Fly out, F7 (Flyball, 7LM)
|
Bottom of the 6th over - 0 run(s), 0 hit(s), 0 error(s), 2 left on base; Madawaska Valley HS 5 - Maize HS 3 |
TOP OF THE 7TH |
Madawaska Valley HS Wolves batting - Pitching for Maize HS : RHP Ray Miller
|
Pitching: RHP Roger Grant
|
|
Batting: SHB Artie Adams
|
0-0: Called Strike 0-1: Fly out, F4 (Line Drive, 4)
|
Batting: RHB Brandon Little
|
0-0: Foul Ball, location: 2F 0-1: Foul Ball, location: 2F 0-2: Ball 1-2: SINGLE (Flyball, 7LS)
|
Batting: RHB Enrique Navarro
|
0-0: Called Strike 0-1: Called Strike 0-2: Strikes out swinging
|
Batting: RHB Leo Snyder
|
0-0: Ball 1-0: Fielders Choice at 2nd, 6-4 (Groundball, 6)
|
Top of the 7th over - 0 run(s), 1 hit(s), 0 error(s), 0 left on base; Madawaska Valley HS 5 - Maize HS 3 |
BOTTOM OF THE 7TH |
Maize HS batting - Pitching for Madawaska Valley HS Wolves : RHP Charlie Willis
|
Batting: LHB Seth Sullivan
|
0-0: Ball 1-0: Ball 2-0: Called Strike 2-1: Ball 3-1: Base on Balls
|
Batting: LHB Ed Nelson
|
0-0: Ball 1-0: Foul Ball, location: 2F 1-1: Foul Ball, location: 2F 1-2: Ball 2-2: Foul Ball, location: 2F 2-2: Fly out, F7 (Flyball, 7LM)
|
Batting: SHB Álex Vega
|
0-0: Ball 1-0: Called Strike 1-1: Ball 2-1: Ball 3-1: Swinging Strike 3-2: DOUBLE (Groundball, 3L) Seth Sullivan to third Seth Sullivan scores
|
Pitching: RHP Ray Travis
|
|
Batting: SHB Tony Morrison
|
0-0: Ball 1-0: Ground out U3 (Groundball, 3) Álex Vega to third
|
Batting: RHB Frank Reed
|
0-0: Fly out, F8 (Flyball, 8RM)
|
Bottom of the 7th over - 1 run(s), 1 hit(s), 0 error(s), 1 left on base; Madawaska Valley HS 5 - Maize HS 4 |
TOP OF THE 8TH |
Madawaska Valley HS Wolves batting - Pitching for Maize HS : RHP Roger Grant
|
Batting: LHB Bob Campbell
|
0-0: Ball 1-0: Foul Ball, location: 2F 1-1: Ball 2-1: Ground out 1-3 (Groundball, 13S)
|
Batting: RHB Adam Carpenter
|
0-0: Ball 1-0: Ball 2-0: Called Strike 2-1: SINGLE (Groundball, 34D)
|
Pinch Hitting: RHB Weldon Lott
|
0-0: Ball 1-0: 2-RUN HOME RUN (Flyball, 7D), Distance : 385 ft
|
Batting: SHB Jason Dundee
|
0-0: Ball 1-0: Foul Ball, location: 2F 1-1: Swinging Strike 1-2: Strikes out swinging
|
Batting: RHB Bob Colbert
|
0-0: Called Strike 0-1: Ball 1-1: DOUBLE (Line Drive, 7)
|
Batting: SHB Artie Adams
|
0-0: Ball 1-0: Ball 2-0: Ball 3-0: Base on Balls
|
Batting: RHB Brandon Little
|
0-0: Fly out, F7 (Flyball, 78S)
|
Top of the 8th over - 2 run(s), 3 hit(s), 0 error(s), 2 left on base; Madawaska Valley HS 7 - Maize HS 4 |
BOTTOM OF THE 8TH |
Maize HS batting - Pitching for Madawaska Valley HS Wolves : RHP Ray Travis
|
Now at 3B: Weldon Lott
|
|
Batting: RHB Nelson Martínez
|
0-0: Ball 1-0: Called Strike 1-1: Ball 2-1: Ball 3-1: Foul Ball, location: 2F 3-2: Foul Ball, location: 2F 3-2: Base on Balls
|
Pitching: LHP Ken Pinnell
|
|
Batting: LHB Chad Aguilar
|
0-0: Ball 1-0: Foul Ball, location: 2F 1-1: Foul Ball, location: 2F 1-2: Foul Ball, location: 2F 1-2: Ball 2-2: Ball 3-2: Foul Ball, location: 2F 3-2: Base on Balls Nelson Martínez to second
|
Pitching: RHP Kevin Lester
|
|
Batting: RHB Fletcher Richardson
|
0-0: Ball 1-0: Foul Ball, location: 2F 1-1: Swinging Strike 1-2: Foul Ball, location: 2F 1-2: Strikes out swinging
|
Batting: RHB Chris Wilson
|
0-0: Called Strike 0-1: Swinging Strike 0-2: Foul Ball, location: 2F 0-2: Ball 1-2: Strikes out looking
|
Batting: LHB Seth Sullivan
|
0-0: Ball 1-0: Called Strike 1-1: Ball 2-1: Foul Ball, location: 2F 2-2: Ball 3-2: SINGLE (Groundball, 4MD) Nelson Martínez to third Chad Aguilar to second Nelson Martínez scores Chad Aguilar to third
|
Batting: LHB Ed Nelson
|
0-0: Ball 1-0: Ball 2-0: Foul Ball, location: 2F 2-1: Ball 3-1: Fly out, F9 (Flyball, 9S)
|
Bottom of the 8th over - 1 run(s), 1 hit(s), 0 error(s), 2 left on base; Madawaska Valley HS 7 - Maize HS 5 |
TOP OF THE 9TH |
Madawaska Valley HS Wolves batting - Pitching for Maize HS : RHP Roger Grant
|
Batting: RHB Enrique Navarro
|
0-0: Swinging Strike 0-1: SINGLE (Line Drive, 56)
|
Batting: RHB Leo Snyder
|
0-0: Bunted foul 0-1: Sac Bunt - play at first, batter OUT! 1-4 Enrique Navarro to second
|
Batting: LHB Bob Campbell
|
0-0: Intentional Walk
|
Pitching: RHP Clay Evans
|
|
Batting: RHB Adam Carpenter
|
0-0: Called Strike 0-1: Ball 1-1: SINGLE (Line Drive, 89S) Enrique Navarro to third Bob Campbell to second
|
Batting: RHB Weldon Lott
|
0-0: Grounds into double play, 4-2-3 (Groundball, 4)
|
Top of the 9th over - 0 run(s), 2 hit(s), 0 error(s), 2 left on base; Madawaska Valley HS 7 - Maize HS 5 |
BOTTOM OF THE 9TH |
Maize HS batting - Pitching for Madawaska Valley HS Wolves : RHP Kevin Lester
|
Pitching: LHP J.J. Porter
|
|
Batting: SHB Álex Vega
|
0-0: Foul Ball, location: 2F 0-1: Ball 1-1: Ball 2-1: Ball 3-1: Called Strike 3-2: Fly out, F8 (Flyball, 8LM)
|
Batting: SHB Tony Morrison
|
0-0: Fly out, F8 (Flyball, 8LM)
|
Batting: RHB Frank Reed
|
0-0: Ball 1-0: Called Strike 1-1: Ball 2-1: Ball 3-1: SINGLE (Line Drive, 6)
|
Batting: RHB Nelson Martínez
|
0-0: Ball 1-0: DOUBLE (Line Drive, 89M) Frank Reed to third Runner from 3rd tries for Home, SAFE, no throw
|
Batting: LHB Chad Aguilar
|
0-0: Called Strike 0-1: Foul Ball, location: 2F 0-2: Strikes out swinging
|
Bottom of the 9th over - 1 run(s), 2 hit(s), 0 error(s), 1 left on base; Madawaska Valley HS 7 - Maize HS 6 |
|